 Dungeon Crawl Stone Soup version 0.21-a0-351-g38363bb (webtiles) character file.

568 Dfrag the Firebug (level 7, 0/46 HPs)
             Began as a Demonspawn Fire Elementalist on Oct 10, 2017.
             Was an Initiate of Vehumet.
             Slain by a sky beast (6 damage)
             ... on level 4 of the Dungeon.
             The game lasted 00:09:26 (3030 turns).

Dfrag the Firebug (Demonspawn Fire Elementalist)    Turns: 3030, Time: 00:09:27

Health: 0/46       AC:  4    Str:  9    XL:     7   Next: 11%
Magic:  0/13       EV: 12    Int: 18    God:    Vehumet [......]
Gold:   192        SH:  0    Dex: 13    Spells: 6/14 levels left

rFire    . . .     SeeInvis .   o - +0 flail
rCold    . . .     Gourm    .   (no shield)
rNeg     . . .     Faith    .   a - +0 robe
rPois    .         Spirit   .   (no helmet)
rElec    .         Reflect  .   (no cloak)
rCorr    .         Harm     .   (no gloves)
MR       .....                  (no boots)
Stlth    ++........             (no amulet)
HPRegen  0.15/turn              (no ring)
MPRegen  0.13/turn              (no ring)

@: no status effects
A: claws 1, thin metallic scales 1, foul stench 1, powered by death 1, rot
immunity
a: Renounce Religion


You were on level 4 of the Dungeon.
You worshipped Vehumet.
Vehumet was noncommittal.
You were not hungry.

You visited 1 branch of the dungeon, and saw 4 of its levels.

You collected 192 gold pieces.

Inventory:

Hand Weapons
 o - a +0 flail (weapon)
Armour
 a - a +0 robe (worn)
Wands
 k - a wand of iceblast (9/15)
Scrolls
 d - 6 scrolls of teleportation {unknown}
 e - 3 scrolls of enchant weapon {unknown}
 h - 3 scrolls of identify {unknown}
 i - 2 scrolls of amnesia {unknown}
 l - a scroll of remove curse {unknown}
 q - a scroll of recharging {unknown}
Potions
 g - 2 potions of heal wounds {unknown}
 m - a potion of agility {unknown}
Books
 b - a book of Flames

   Spells                             Type                      Level
   a - Flame Tongue                   Conjuration/Fire             1
   b - Throw Flame                    Conjuration/Fire             2
   c - Conjure Flame                  Conjuration/Fire             3
   d - Inner Flame                    Hexes/Fire                   3
   e - Sticky Flame                   Conjuration/Fire             4
   f - Fireball                       Conjuration/Fire             5
 n - a book of Cantrips

   Spells                             Type                      Level
   a - Confusing Touch                Hexes                        1
   b - Animate Skeleton               Necromancy                   1
   c - Summon Small Mammal            Summoning                    1
   d - Apportation                    Translocation                1
Comestibles
 c - 4 bread rations
 f - 2 fruits
 j - a meat ration
 p - 2 chunks of flesh
 r - a royal jelly


   Skills:
 - Level 1.7 Dodging
 - Level 1.7 Stealth
 + Level 4.3 Spellcasting
 + Level 4.3 Conjurations
 + Level 4.8 Fire Magic


You had 6 spell levels left.
You knew the following spells:

 Your Spells              Type           Power        Failure   Level  Hunger
a - Flame Tongue          Conj/Fire      ###..        2%          1    None
b - Conjure Flame         Conj/Fire      ###.....     6%          3    ###....
c - Sticky Flame          Conj/Fire      ###.....     22%         4    ####...


Dungeon Overview and Level Annotations

Branches:
Dungeon (4/15)
 Temple: D:4-7

Altars:
Vehumet


Innate Abilities, Weirdness & Mutations

You have sharp fingernails.
You are partially covered in thin metallic scales. (AC +2)
You may emit foul miasma when damaged in melee.
You regenerate a little health from kills.
You are immune to rotting.


Message History

Aim: a sky beast (lightly wounded)
The sticky flame hits the sky beast.
The sky beast is lightly wounded.
The sky beast is covered in liquid flames!
The sky beast burns!
The sky beast hits you. The sky beast shocks you.
You hit the sky beast.
The sky beast is moderately wounded.
The sky beast burns!
The sky beast stops burning.
The sky beast flickers out of sight!
Deactivating autopickup; reactivate with Ctrl-A.
Something hits you but does no damage.
You closely miss something. Something hits you.
* * * LOW HITPOINT WARNING * * *
Something shocks you.
* * * LOW HITPOINT WARNING * * *
Something hits you but does no damage.
You miss something. Something hits you.
* * * LOW HITPOINT WARNING * * *
Something shocks you.
You die...

#............# #.#
##............# #.#
...##########.# #.#
#............# #.#
+....######### #.#
+#....# #.# ......######
#.#
###.....<..##########.##
+†.......'....@{.....#
#........#############
#[.......# #........#
#........# #........#
#........# ##########


There were no monsters in sight!

Vanquished Creatures
  A wyvern (D:3)
  The ghost of paralogiki the Conjurer, an amateur DECj (D:3)
  An ogre (D:4)
  A hound (D:4)
  A bullfrog skeleton (D:4)
  4 gnolls (D:3)
  5 adders
  4 dart slugs
  5 leopard geckos
  5 orcs (D:3)
  A giant cockroach (D:1)
  13 goblins
  10 hobgoblins
  6 jackals
  6 kobolds
  3 quokkas
  A ball python (D:2)
  7 bats
  3 frilled lizards
  7 rats
85 creatures vanquished.

Notes
Turn   | Place    | Note
-------+----------+-------------------------------------------
     0 | D:1      | Dfrag the Demonspawn Fire Elementalist began the quest for the Orb.
     0 | D:1      | Reached XP level 1. HP: 13/13 MP: 3/3
   154 | D:1      | Gained mutation: You are partially covered in thin metallic scales. (AC +2) [demonic ancestry]
   154 | D:1      | Reached XP level 2. HP: 19/19 MP: 0/5
   804 | D:1      | Gained mutation: You regenerate a little health from kills. [demonic ancestry]
   804 | D:1      | Reached XP level 3. HP: 24/24 MP: 2/6
  1328 | D:2      | Gained mutation: You are immune to rotting. [demonic ancestry]
  1328 | D:2      | Reached XP level 4. HP: 30/30 MP: 2/8
  1466 | D:3      | Noticed paralogiki's ghost (amateur DECj)
  1998 | D:3      | Killed paralogiki's ghost
  1998 | D:3      | Reached XP level 5. HP: 27/35 MP: 4/10
  2370 | D:3      | Found a radiant altar of Vehumet.
  2380 | D:3      | Became a worshipper of Vehumet
  2427 | D:3      | Gained mutation: You may emit foul miasma when damaged in melee. [demonic ancestry]
  2427 | D:3      | Reached XP level 6. HP: 28/41 MP: 9/11
  2472 | D:3      | Noticed a wyvern
  2478 | D:3      | HP: 1/41 [wyvern (17)]
  2479 | D:3      | Killed a wyvern
  2492 | D:3      | Learned a level 3 spell: Conjure Flame
  2497 | D:3      | Learned a level 4 spell: Sticky Flame
  2929 | D:4      | Gained mutation: You have sharp fingernails. [demonic ancestry]
  2929 | D:4      | Reached XP level 7. HP: 29/46 MP: 2/13
  3030 | D:4      | Slain by a sky beast

Vault maps used:
D:1:      dpeg_arrival_shrine
D:2:      kennysheep_big_flooded_room
D:3:      vehumet_crystals, nrook_loot_triangle
D:4:      kennysheep_mini, nicolae_tso_besieged_by_evil, first_bread,
          corexii_checkpoint_a

Skill      XL: |  1  2  3  4  5  6 |
---------------+-------------------+-----
Fire Magic     | 3 4 |  4.8
Conjurations   | 2 3 4 |  4.3
Spellcasting   | 3 4 |  4.3
Dodging        | |  1.7
Stealth        | |  1.7

Action                   |  1- 3 |  4- 6 |  7- 9 || total
-------------------------+-------+-------+-------++-------
Melee: Unarmed           |    53 |     1 |       ||    54
       Flail             |       |    22 |     9 ||    31
 Cast: Flame Tongue      |    68 |    81 |     7 ||   156
       Sticky Flame      |       |     1 |     2 ||     3
 Stab: Distracted        |     1 |     1 |       ||     2
  Eat: Chunk             |     2 |     4 |     2 ||     8
Armor: Robe              |    31 |    21 |     4 ||    56
Dodge: Dodged            |    66 |    54 |     5 ||   125

Table legend:
 A = Spawn XP
 B = Non-spawn XP
 C = Spawn XP percentage of total XP
 D = Spawn monster count
 E = Non-spawn monster count
 F = Spawn count percentage of total count
 G = Total turns spent on level
                    A         B        C        D         E        F      G
               +---------+---------+-------+---------+---------+-------+---------
         Total |       0 |     812 |   0.0 |       0 |      85 |   0.0 |  3030
               +---------+---------+-------+---------+---------+-------+---------
           D:1 |       0 |      47 |   0.0 |       0 |      24 |   0.0 |  1014
           D:2 |       0 |      55 |   0.0 |       0 |      21 |   0.0 |   927
           D:3 |       0 |     493 |   0.0 |       0 |      34 |   0.0 |   906
           D:4 |       0 |     217 |   0.0 |       0 |       6 |   0.0 |   183
               +---------+---------+-------+---------+---------+-------+---------
